 Dungeon Crawl Stone Soup version 0.22.1-7-g5c428e7 (webtiles) character file.

67202 eccles the Severer (level 14, -13/135 HPs)
             Began as a Minotaur Berserker on Jan 8, 2019.
             Was a High Priest of Trog.
             Mangled by an orc knight
             ... wielding a +3 battleaxe of freezing
              (16 damage)
             ... on level 2 of the Orcish Mines on Feb 15, 2019.
             The game lasted 02:02:41 (20927 turns).

eccles the Severer (Minotaur Berserker)            Turns: 20927, Time: 02:02:42

Health: -13/135    AC: 16    Str: 27    XL:     14   Next: 82%
Magic:  22/22      EV: 28    Int:  4    God:    Trog [*****.]
Gold:   1761       SH:  0    Dex: 13    Spells: 13/13 levels left

rFire    + . .     SeeInvis .   P - +4 executioner's axe (elec)
rCold    . . .     Gourm    .   (shield currently unavailable)
rNeg     . . .     Faith    .   a - +0 scale mail of the Gloaming {Regen+}
rPois    .         Spirit   .   (helmet restricted)
rElec    .         Reflect  .   h - +1 cloak
rCorr    .         Harm     .   u - +2 pair of gloves {Str+3}
MR       +....                  (no boots)
Stlth    ..........             y - amulet of the acrobat
HPRegen  0.72/turn              w - ring of protection from fire
MPRegen  0.18/turn              J - ring of magical power

@: berserk cooldown, slowed, very slow
A: retaliatory headbutt, horns 2
a: Berserk, Trog's Hand, Brothers in Arms, Renounce Religion


You were on level 2 of the Orcish Mines.
You worshipped Trog.
Trog was extremely pleased with you.
You were not hungry.

You visited 3 branches of the dungeon, and saw 20 of its levels.
You also visited: Sewer.

You collected 2106 gold pieces.
You spent 345 gold pieces at shops.

Inventory:

Hand Weapons
 l - a +0 hand axe of flaming
 v - a +2 antimagic executioner's axe
 P - a +4 executioner's axe of electrocution (weapon)
 Z - a +4 antimagic battleaxe
Missiles
 i - 16 tomahawks (quivered)
Armour
 a - the +0 scale mail of the Gloaming (worn) {Regen+}
   (You found it on level 6 of the Lair of Beasts)

   It increases your rate of regeneration.
 h - a +1 cloak (worn)
 s - a +0 plate armour
 u - a +2 pair of gloves of strength (worn)
Jewellery
 b - an uncursed ring of resist corrosion
 k - an uncursed ring of flight
 r - an uncursed amulet of the gourmand
 w - a ring of protection from fire (left hand)
 y - an amulet of the acrobat (around neck)
 J - a ring of magical power (right hand)
Wands
 f - a wand of paralysis (26)
 q - a wand of disintegration (47)
 x - a wand of flame (41)
 I - a wand of acid (5)
 L - a wand of scattershot (6)
 W - a wand of iceblast (16)
Scrolls
 e - 3 scrolls of immolation
 m - 12 scrolls of teleportation
 n - 4 scrolls of fog
 o - 8 scrolls of remove curse
 B - 2 scrolls of blinking
 M - a scroll of fear
 N - a scroll of torment
 Q - a scroll of holy word
 S - a scroll of silence
 T - 5 scrolls of magic mapping
 U - a scroll of acquirement {unknown}
Potions
 d - 4 potions of brilliance {unknown}
 g - 2 potions of cancellation {unknown}
 j - 5 potions of agility
 p - 3 potions of mutation
 t - 10 potions of curing
 z - 6 potions of heal wounds
 A - 3 potions of ambrosia {unknown}
 C - 3 potions of berserk rage {unknown}
 D - 4 potions of flight
 E - a potion of haste
 G - a potion of invisibility {unknown}
 H - 2 potions of magic {unknown}
 K - a potion of resistance
 V - 4 potions of degeneration {unknown}
 Y - a potion of lignification {unknown}
Comestibles
 c - 31 rations


   Skills:
 * Level 15.2 Fighting
 * Level 20.2 Axes
 + Level 15.4 Armour
 + Level 5.2 Dodging
 + Level 1.8 Stealth
 + Level 1.0 Evocations


You had 13 spell levels left.
You didn't know any spells.
Your spell library was empty.

Dungeon Overview and Level Annotations

Branches:
Dungeon (12/15)            Temple (0/1) D:6            Lair (6/6) D:8
  Swamp (0/4) Lair:2        Snake (0/4) Lair:2        Slime (0/5) Lair:6
    Orc (2/2) D:9
    Elf: Orc:2

Altars:
Kikubaaqudgha
Trog
Vehumet
Wu Jian
Xom
Beogh

Shops:
D:6 }   D:12 !=[=[   Orc:2 (

Portals:
Labyrinth: Orc:2

Annotations:
D:5 exclusion: statue
D:9 2 transporters, systemy's ghost, novice MiBe


Innate Abilities, Weirdness & Mutations

You reflexively headbutt those who attack you in melee.
You have a pair of horns on your head.


Message History

The orc knight freezes you.
* * * LOW HITPOINT WARNING * * *
The troll completely misses you. The troll misses you.
The troll barely misses you. The red devil closely misses you.
The red devil hops backward while attacking.
The red devil completely misses you. The orc sorcerer completely misses you.
The orc warlord closely misses you. The orc warrior completely misses you.
You furiously retaliate!
You headbutt the orc warrior, but do no damage.
Items here: )) [[ † a vampiric battleaxe; a chain mail; a flail; a plate armour; an orc corpse An orc high priest comes into view.
It is wielding a short sword.
The orc high priest shouts!
The orc sorcerer becomes larger for a moment.
The red devil hops backward while attacking.
The red devil hits you but does no damage.
The orc knight hits you with a battleaxe of freezing!!!
* * * LOW HITPOINT WARNING * * *
The orc knight freezes you!
You die...

... ## ..### ##.##
....# #.##
#...###....##
....###..........##
.....#....)).......
..∩..#.4.)<)......
..................
#.#...oo@........
...##..)))oT..#.o..
.......).o...## ...
P.....))..#.## .o
.........#### .
...P......
...8.P.....
............
..∩..........


You could see an orc warlord, an orc knight, an orc high priest, a troll, an orc
sorcerer, a red devil and an orc warrior.

Vanquished Creatures
  A fire dragon (Lair:6)
  Erolcha (D:11)
  9 hydras
  A catoblepas (Lair:6)
  Erica (D:11)
  2 two-headed ogres (D:11)
  4 death yaks (Lair:2)
  Sonja (Lair:4)
  2 orc high priests (Orc:2)
  Nergalle (D:11)
  A lindwurm (Lair:6)
  A deep elf mage (D:12)
  2 orc knights
  2 ugly things (D:12)
  A wolf spider (Lair:6)
  An orc sorcerer (Orc:2)
  2 cyclopes
  A guardian serpent (Lair:6)
  8 black mambas
  Psyche (D:10)
  Joseph (D:7)
  6 elephants
  2 molten gargoyles (Lair:3)
  An eye of devastation (Lair:6)
  6 torpor snails
  15 spiny frogs
  2 rime drakes
  3 gargoyles
  3 komodo dragons
  5 trolls
  9 hornets
  4 tyrant leeches (Lair:6)
  5 slime creatures (D:12)
  10 blink frogs
  10 hippogriffs
  2 dream sheep (D:8)
  Sigmund (D:6)
  3 redbacks (Lair:6)
  16 wyverns
  55 yaks
  4 basilisks
  A hungry ghost (D:8)
  3 nagas (Lair:2)
  3 wargs
  A two-headed ogre zombie (D:9)
  18 water moccasins
  11 porcupines
  8 orc warriors
  A sky beast (D:10)
  2 eyes of draining
  3 ogres
  4 phantoms
  5 black bears
  12 wolves (Lair:4)
  13 centaurs
  15 crocodiles
  7 big kobolds
  6 bullfrogs
  A gnoll sergeant (D:11)
  2 scorpions (D:9)
  A killer bee (D:11)
  4 wights (D:9)
  An electric eel (Lair:4)
  7 howler monkeys
  2 crimson imps
  5 lava snakes (Lair:3)
  2 centaur zombies
  6 bullfrog skeletons
  2 bullfrog zombies
  3 jellies
  3 centaur skeletons
  7 orc priests
  3 hounds
  14 orc wizards
  5 iguanas
  Natasha (thrice) (D:2 D:4)
  10 worker ants
  5 hell rats (Lair:5)
  7 ogre zombies (D:9)
  2 hound zombies
  2 worker ant zombies (D:4)
  2 howler monkey skeletons (D:4)
  11 adders
  7 gnolls
  3 river rats
  4 shadow imps
  2 oozes (D:1)
  5 adder zombies
  3 worms
  2 dart slugs (D:1)
  3 leopard geckos
  46 orcs
  9 giant cockroaches
  6 hobgoblins
  12 jackals
  8 quokkas
  4 ball pythons
  9 bats
  3 frilled lizards
  A giant cockroach zombie (D:4)
  7 goblins
  2 goblin skeletons (D:9)
  A goblin zombie (D:9)
  A hobgoblin skeleton (D:9)
  A hobgoblin zombie (D:9)
  A jackal skeleton (D:4)
  17 kobolds
  2 leopard gecko skeletons (D:4)
  3 orc skeletons (D:9)
  17 orc zombies
  2 quokka zombies
  8 rats
  A butterfly (Lair:4)
  3 fungi
  11 plants
633 creatures vanquished.

Vanquished Creatures (others)
  29 fungi
  47 plants
76 creatures vanquished.

Grand Total: 709 creatures vanquished

Notes
Turn   | Place    | Note
-------+----------+-------------------------------------------
     0 | D:1      | eccles the Minotaur Berserker began the quest for the Orb.
     0 | D:1      | Reached XP level 1. HP: 19/19 MP: 0/0
   196 | D:1      | Reached XP level 2. HP: 27/27 MP: 1/1
   248 | D:1      | Reached skill level 4 in Axes
   393 | D:1      | Reached XP level 3. HP: 30/34 MP: 2/2
   833 | D:2      | Reached ** piety under Trog
   865 | D:2      | Upgraded the game from 0.22.1-5-g62c59d9 to
                  | 0.22.1-6-g1668fe2
   885 | D:2      | Noticed Natasha
   891 | D:2      | Killed Natasha
   891 | D:2      | Reached XP level 4. HP: 41/41 MP: 3/3
  1543 | D:3      | Reached skill level 5 in Axes
  1543 | D:3      | Reached XP level 5. HP: 45/47 MP: 4/4
  1690 | D:3      | Reached *** piety under Trog
  2195 | D:3      | Reached skill level 5 in Fighting
  2289 | D:3      | Reached XP level 6. HP: 50/56 MP: 5/5
  2449 | D:4      | Noticed Natasha
  2458 | D:4      | Killed Natasha
  2511 | D:4      | Reached skill level 6 in Axes
  2514 | D:4      | Reached skill level 5 in Armour
  2527 | D:4      | Noticed Natasha
  2531 | D:4      | Killed Natasha
  2598 | D:4      | Reached **** piety under Trog
  2598 | D:4      | Reached XP level 7. HP: 56/61 MP: 6/6
  2629 | D:4      | Reached skill level 7 in Axes
  3159 | D:5      | Entered Level 5 of the Dungeon
  3202 | D:5      | Reached skill level 8 in Axes
  3323 | D:5      | Found a glowing drain.
  3346 | Sewer    | Entered a sewer
  3414 | Sewer    | Reached XP level 8. HP: 70/70 MP: 7/7
  3431 | Sewer    | Found a white marble altar of Elyvilon.
  3856 | D:5      | Found a radiant altar of Vehumet.
  3916 | D:5      | Found a bloodstained altar of Trog.
  4234 | D:6      | Noticed Sigmund
  4244 | D:6      | Killed Sigmund
  4244 | D:6      | Reached skill level 9 in Axes
  4245 | D:6      | Found Xuexapao's Gadget Shop.
  4317 | D:6      | Reached ***** piety under Trog
  4330 | D:6      | Reached skill level 1 in Stealth
  4544 | D:6      | Found an ornate altar of the Wu Jian Council.
  4830 | D:6      | Found a staircase to the Ecumenical Temple.
  5376 | D:7      | Found a shimmering altar of Xom.
  5585 | D:7      | Noticed Joseph
  5600 | D:7      | Killed Joseph
  5600 | D:7      | Reached skill level 10 in Axes
  5600 | D:7      | Reached XP level 9. HP: 66/78 MP: 8/8
  5839 | D:8      | Found an ancient bone altar of Kikubaaqudgha.
  6032 | D:8      | Noticed a troll
  6063 | D:8      | Killed a troll
  6335 | D:8      | Reached skill level 10 in Armour
  6336 | D:8      | Reached skill level 11 in Axes
  6388 | D:8      | Noticed a three-headed hydra
  6398 | D:8      | Killed a one-headed hydra
  6398 | D:8      | Reached XP level 10. HP: 72/88 MP: 9/9
  6538 | D:8      | Noticed an elephant
  6539 | D:8      | Found a staircase to the Lair.
  6565 | D:8      | Reached skill level 12 in Axes
  6579 | D:8      | Killed an elephant
  7222 | D:9      | Found a flagged portal.
  7234 | D:9      | Found a transporter.
  7235 | D:9      | Noticed a death knight
  7308 | D:9      | Found a transporter.
  7308 | D:9      | Noticed systemy's ghost (novice MiBe)
  7327 | D:9      | Found a staircase to the Orcish Mines.
  7351 | D:9      | Reached skill level 13 in Axes
  7528 | D:9      | Noticed a spectral centaur warrior
  7704 | D:9      | Upgraded the game from 0.22.1-6-g1668fe2 to
                  | 0.22.1-7-g5c428e7
  7775 | D:10     | Entered Level 10 of the Dungeon
  8068 | D:10     | Noticed Psyche
  8076 | D:10     | Killed Psyche
  8076 | D:10     | Reached XP level 11. HP: 82/97 MP: 10/10
  8767 | D:11     | Reached skill level 14 in Axes
  8852 | D:11     | Noticed Erica
  8862 | D:11     | Killed Erica
  8920 | D:11     | Noticed Nergalle
  8926 | D:11     | Noticed a spectral orc warlord
  8926 | D:11     | Noticed a spectral orc warlord
  8931 | D:11     | Killed Nergalle
  8985 | D:11     | Noticed a two-headed ogre
  8995 | D:11     | Reached skill level 10 in Fighting
  8999 | D:11     | Killed a two-headed ogre
  9012 | D:11     | Noticed Erolcha
  9024 | D:11     | Killed Erolcha
  9424 | D:11     | Noticed a two-headed ogre
  9438 | D:11     | Killed a two-headed ogre
  9712 | D:12     | Reached skill level 15 in Axes
  9733 | D:12     | Identified the Compendium of the Entourage
  9828 | D:12     | Reached XP level 12. HP: 95/108 MP: 11/11
  9908 | D:12     | Noticed a five-headed hydra
  9919 | D:12     | Killed a one-headed hydra
  9987 | D:12     | Found Jiuf Dac's Antique Armour Boutique.
 10343 | D:12     | Found Cim Viun's Jewellery Shop.
 10420 | D:12     | Received a gift from Trog
 10466 | D:12     | Found Puudeofuu's Jewellery Boutique.
 10479 | D:12     | Found Zumeoliwy's Antique Armour Emporium.
 10600 | D:12     | Found Fagac's Distillery.
 10745 | D:12     | Bought 2 potions of heal wounds for 150 gold pieces
 10745 | D:12     | Bought a potion of haste for 150 gold pieces
 10745 | D:12     | Bought a potion of curing for 45 gold pieces
 11122 | Lair:1   | Entered Level 1 of the Lair of Beasts
 11521 | Lair:1   | Reached skill level 16 in Axes
 12021 | Lair:2   | Noticed a death yak
 12023 | Lair:2   | Noticed a death yak
 12023 | Lair:2   | Noticed a death yak
 12023 | Lair:2   | Noticed a death yak
 12030 | Lair:2   | Killed a death yak
 12032 | Lair:2   | Killed a death yak
 12035 | Lair:2   | Killed a death yak
 12037 | Lair:2   | Killed a death yak
 12037 | Lair:2   | Reached XP level 13. HP: 60/119 MP: 12/12
 12353 | Lair:2   | Found a staircase to the Swamp.
 12696 | Lair:2   | Found a staircase to the Snake Pit.
 12831 | Lair:2   | Reached skill level 17 in Axes
 12851 | Lair:2   | Paralysed by fainting for 10 turns
 13508 | Lair:3   | Reached ****** piety under Trog
 13511 | Lair:3   | Received a gift from Trog
 14224 | Lair:4   | Noticed Sonja
 14656 | Lair:4   | Reached skill level 18 in Axes
 14708 | Lair:4   | Reached skill level 5 in Dodging
 15232 | Lair:4   | Killed Sonja
 15739 | Lair:5   | Received a gift from Trog
 16007 | Lair:5   | Reached skill level 15 in Armour
 16007 | Lair:5   | Reached XP level 14. HP: 130/130 MP: 13/13
 16268 | Lair:6   | Entered Level 6 of the Lair of Beasts
 16302 | Lair:6   | Reached skill level 19 in Axes
 16417 | Lair:6   | Reached skill level 1 in Evocations
 16479 | Lair:6   | Found a runed door.
 18456 | Lair:6   | Paralysed by a hornet for 2 turns
 19088 | Lair:6   | Received a gift from Trog
 19345 | Lair:6   | Got a steaming scale mail
 19356 | Lair:6   | Identified the cursed +0 scale mail of the Gloaming
                  | {Regen+} (You found it on level 6 of the Lair of Beasts)
 19500 | Lair:6   | Found a staircase to the Slime Pits.
 19711 | Lair:6   | Paralysed by a hornet for 1 turns
 20208 | Lair:5   | Reached skill level 15 in Fighting
 20208 | Lair:5   | Reached skill level 20 in Axes
 20397 | Orc:1    | Entered Level 1 of the Orcish Mines
 20680 | Orc:1    | Found a roughly hewn altar of Beogh.
 20893 | Orc:2    | Entered Level 2 of the Orcish Mines
 20900 | Orc:2    | Found a labyrinth entrance.
 20908 | Orc:2    | Found Hogusus's Antique Weapon Emporium.
 20910 | Orc:2    | Noticed an orc warlord
 20927 | Orc:2    | HP: 3/135 [orc knight/battleaxe of freezing (38)]
 20927 | Orc:2    | Mangled by an orc knight

Skill      XL: |  1  2  3  4  5  6  7  8  9 10 11 12 13 14 |
---------------+-------------------------------------------+-----
Fighting       | 4 5 6 7 9 10 12 13 15 | 15.2
Axes           | 4 5 6 8 10 11 13 15 16 18 20 | 20.2
Armour         | 3 4 5 6 8 10 11 13 14 15 | 15.4
Dodging        | 3 4 5 |  5.2
Stealth        | 1 |  1.8
Evocations     | 1 |  1.0

Action                   |  1- 3 |  4- 6 |  7- 9 | 10-12 | 13-15 || total
-------------------------+-------+-------+-------+-------+-------++-------
Melee: Hand axe          |    60 |   165 |   352 |   492 |   217 ||  1286
       Headbutt          |    13 |    42 |    80 |   171 |   149 ||   455
       Executioner's axe |       |       |       |    83 |   327 ||   410
       Battleaxe         |       |       |       |       |   105 ||   105
Throw: Tomahawk          |       |       |       |       |     1 ||     1
Invok: Berserk           |     1 |       |     3 |     8 |    12 ||    24
 Abil: Evoke Flight      |       |       |     2 |       |       ||     2
Evoke: Wand              |       |       |       |       |     2 ||     2
  Use: Scroll            |       |     5 |    11 |     3 |    12 ||    31
       Potion            |       |       |       |       |     3 ||     3
 Stab: Sleeping          |     1 |       |       |       |       ||     1
       Distracted        |       |       |       |       |     1 ||     1
  Eat: Chunk             |     1 |     5 |    11 |    15 |    13 ||    45
       Ration            |       |       |     2 |     3 |     8 ||    13
Armor: Animal skin       |     6 |       |       |       |       ||     6
       Ring mail         |     5 |     2 |       |       |       ||     7
       Chain mail        |       |   105 |    88 |       |       ||   193
       Plate armour      |       |       |    75 |   244 |   329 ||   648
       Scale mail        |       |       |       |       |    32 ||    32
Dodge: Dodged            |    41 |    66 |   142 |   280 |   402 ||   931
